 Dungeon Crawl Stone Soup version 0.29.1-15-g9cfb28693d (webtiles) character file.

Game seed: 7207926220249212732

32276 McKennaii the Zephyrmancer (level 13, -2/86 HPs)
             Began as a Demigod Earth Elementalist on Mar 2, 2023.
             Shot with a bolt by a yaktaur (3 damage)
             ... in a volcano.
             The game lasted 00:26:09 (20336 turns).

McKennaii the Zephyrmancer (DgEE)                  Turns: 20336, Time: 00:26:10

Health: -2/86      AC: 15    Str:  9    XL:     13   Next: 2%
Magic:  5/32       EV: 12    Int: 33    God:
Gold:   918        SH:  0    Dex: 14    Spells: 20/33 levels left

rFire   + + .      SeeInvis .   K - +3 Elemental Staff {rElec rF++ rC++ AC+5}
rCold   + + .      Faith    .   (no shield)
rNeg    + . .      Spirit   .   D - +0 steam dragon scales
rPois   .          Reflect  .   y - +2 helmet
rElec   +          Harm     .   a - +0 cloak
rCorr   .          Rampage  .   c - +0 pair of gloves
Will    +....                   (no boots)
Stlth   ++........              (no amulet)
HPRegen 0.24/turn               s - ring of positive energy
MPRegen 0.23/turn               t - ring of flight

@: flying, invisible (expiring)
A: high MP 1, forlorn, divine attributes
a: no special abilities


You were in a volcano.
You visited 2 branches of the dungeon, and saw 15 of its levels.
You also visited: Volcano.

You collected 918 gold pieces.

Inventory:

Hand Weapons
 r - a +3 spear
 K - the +3 Elemental Staff (weapon) {rElec rF++ rC++ AC+5}
   (You took it off a deep elf zephyrmancer on level 12 of the Dungeon)

   If the wielder is skilled in Evocations, they can discharge powerful blasts
   of elemental energy when striking with it.
   It enhances your fire, ice, earth and air magic.
   AC:        It affects your AC (+5).
   rF:        It greatly protects you from fire.
   rC:        It greatly protects you from cold.
   rElec:     It insulates you from electricity.
Missiles
 E - a throwing net
Armour
 a - a +0 cloak (worn)
 c - a +0 pair of gloves (worn)
 y - a +2 helmet (worn)
 D - +0 steam dragon scales (worn)
Jewellery
 s - a ring of positive energy (left hand)
 t - a ring of flight (right hand)
 H - a +6 ring of strength
Wands
 h - a wand of acid (14)
 A - a wand of iceblast (8)
 B - a wand of polymorph (5)
 C - a wand of digging (6)
 G - a wand of charming (22)
Scrolls
 d - 3 scrolls of amnesia
 f - 5 scrolls of identify
 k - 3 scrolls of teleportation
 n - 2 scrolls of enchant armour
 o - 2 scrolls of silence
 q - 3 scrolls of fear
 u - 2 scrolls of enchant weapon
 w - 2 scrolls of magic mapping
 z - a scroll of immolation
 I - a scroll of brand weapon
 L - a scroll of blinking {unknown}
Potions
 b - 2 potions of magic
 e - 3 potions of resistance
 g - 6 potions of curing
 j - a potion of haste
 l - 4 potions of brilliance
 m - a potion of invisibility
 p - 3 potions of mutation
 x - 2 potions of ambrosia
 F - a potion of flight
 J - a potion of lignification


   Skills:
 - Level 1.7 Dodging
 - Level 1.7 Stealth
 + Level 10.7 Spellcasting
 + Level 10.4 Conjurations
 - Level 0.8 Transmutations
 * Level 12.5 Air Magic
 - Level 8.0 Earth Magic


You had 20 spell levels left.
You knew the following spells:

 Your Spells              Type           Power      Damage    Failure   Level
a - Sandblast             Erth           100%       2d20      1%          1
b - Stone Arrow           Conj/Erth      100%       3d13      1%          3
c - Airstrike             Air            50%        2d(8-24)  1%          4
d - Lightning Bolt        Conj/Air       48%        1d68      1%          5

Your spell library contained the following spells:

 Spells                   Type           Power      Damage    Failure   Level
 Magic Dart               Conj           100%       1d8       1%          1
 Passwall                 Tmut/Erth      52%        N/A       1%          2
 Searing Ray              Conj           100%       2d8       1%          2
 Summon Lightning Spire   Summ/Air       73%        N/A       1%          4
 Fulminant Prism          Conj/Hex       25%        3d14      3%          4
 Blink                    Tloc           34%        N/A       4%          2
 Sublimation of Blood     Necr           17%        N/A       4%          2
 Corpse Rot               Necr/Pois/Air  61%        N/A       4%          4
 Petrify                  Tmut/Erth      63%        N/A       4%          4
 Irradiate                Conj/Tmut      26%        3d20      7%          5
 Confusing Touch          Hex            17%        N/A       8%          3
 Lesser Beckoning         Tloc           17%        N/A       8%          3
 Dispel Undead            Necr           17%        3d10      26%         4
 Yara's Violent Unravell  Hex/Tmut       10%        3d6       52%         5
 Manifold Assault         Tloc           17%        N/A       58%         5
 Summon Forest            Summ/Tloc      8%         N/A       58%         5
 Summon Mana Viper        Hex/Summ       17%        N/A       58%         5
 Maxwell's Capacitive Co  Air            50%        ∞         71%         8
 Storm Form               Tmut/Air       37%        N/A       82%         7
 Death Channel            Necr           8%         N/A       99%         6
 Summon Cactus Giant      Summ           8%         N/A       99%         6
 Enfeeble                 Hex            8%         N/A       100%        7


Dungeon Overview and Level Annotations

Branches:
Dungeon (12/15)            Temple (0/1) D:6            Lair (3/5) D:11
  Swamp (0/4) Lair:2       Spider (0/4) Lair:3          Orc (0/2) D:9
Volcano (1/1)

Shops:
D:10 *


Innate Abilities, Weirdness & Mutations

You have an increased reservoir of magic. (+10% MP)
You shall have no god before yourself.
Your divine heritage dramatically boosts your attributes as you level up.


Message History

The red draconian is skewered by barbed spikes.
The red draconian breathes fire at you. The searing blast hits your lindwurm!!
Your lindwurm dies!
Your lindwurm's corpse dissolves into shadows!
The searing blast hits you! You resist.
* * * LOW HITPOINT WARNING * * *
Unknown command.
Unknown command.
Unknown command.
Casting: Airstrike (safe; 1% risk of failure)
Confirm with . or Enter, or press ? or * to list all spells.
Okay, then.
The centaur warrior shouts!
Your red devil hits the red draconian with a +0 trident.
The red draconian is skewered by barbed spikes.
The red draconian breathes fire at something.
Unknown command.
Casting: Airstrike (safe; 1% risk of failure)
Confirm with . or Enter, or press ? or * to list all spells.
Aiming: Airstrike (safe; 1% risk of failure)
Press: ? - help, Dir - move target, f/p - red draconian
Aim: a red draconian, wielding a +1 scimitar of flaming and wearing a +0 cloak (severely wounded, unable to see you, catching its breath, skewered by barbs, ally target, empty space bonus: 4/8)
You feel a surge of power!
The air twists around and strikes the red draconian!
The red draconian is almost dead.
The yaktaur shoots a bolt.
The bolt hits the red draconian!
The bolt burns the red draconian.
The red draconian dies!
Unknown command.
Unknown command.
You swap places.
You flicker for a moment.
The centaur seems to regain its courage.
The centaur warrior seems to regain its courage.
The centaur shoots an arrow.
The arrow hits you but does no damage.
The yaktaur shoots a bolt.
The bolt hits you!!
* * * LOW HITPOINT WARNING * * *
The bolt burns you.
You die...

### ####§#### ##≈≈≈≈≈§≈##
##§≈≈≈§§§≈§###
####§§≈≈§§≈≈≈≈≈≈###
##≈≈≈§§#######≈≈≈≈≈#
##§§≈≈###§!)$[###≈≈≈##
#§§≈§##.#4@.!.#.##≈§≈#
##§§§≈#..'.9.$.'..#§≈≈##
##≈§≈≈##..'.._..'.)##≈≈≈#####
##§≈≈≈≈#...#.....#...#§§§≈≈≈≈#
#≈≈≈≈§§#..c#######..c#≈≈≈≈§≈##
#≈≈≈≈§§#...'$c.!)'...#≈≈≈§≈≈#
###§≈§≈#...#..≈..#...#≈≈≈≈§##
##§≈≈#...#8≈≈≈8#...#≈≈≈§##
#§≈§≈##..'.c≈..'..##≈≈§≈#


You could see a centaur warrior (unable to see you), a yaktaur (unable to see
you, ally target), a centaur (unable to see you), a friendly red devil
(summoned) and a friendly gargoyle (summoned).

Vanquished Creatures
  3 two-headed ogres
  A hydra (Lair:2)
  Urug (Lair:1)
  3 death yaks
  Nergalle (Lair:2)
  A deep elf zephyrmancer (D:12)
  A wolf spider (Lair:2)
  10 elephants
  An unseen horror (D:11)
  A cane toad (Lair:2)
  6 komodo dragons
  2 yaktaurs (Volcano)
  2 efreet (D:12)
  4 trolls
  2 raiju (D:12)
  13 blink frogs
  Sigmund (D:2)
  An air elemental (D:12)
  7 wyverns
  44 yaks
  3 hogs (D:7)
  Grum (D:8)
  A human (D:7)
  2 basilisks
  2 steam dragons
  2 acid dragons (D:11)
  2 sky beasts
  10 water moccasins
  3 orc warriors
  An ice beast (D:8)
  A black bear (D:6)
  8 ogres
  14 wolves
  A phantom (D:6)
  A centaur (D:8)
  9 bullfrogs
  5 kobold brigands
  3 necrophages
  4 gnoll sergeants (D:9)
  3 scorpions
  6 wights
  9 killer bees
  2 electric eels (Lair:1)
  5 hounds
  An orc priest (D:7)
  Ijyb (D:4)
  5 iguanas
  Natasha (thrice) (D:2)
  An orc wizard (D:7)
  8 gnolls
  3 adders
  3 ufetubi
  3 worms
  2 dart slugs
  14 orcs
  4 ball pythons
  10 endoplasms
  4 giant cockroaches
  7 goblins
  4 hobgoblins
  5 jackals
  2 quokkas (D:1)
  5 bats
  5 frilled lizards
  10 kobolds
  6 rats
309 creatures vanquished.

Vanquished Creatures (others)
  A red draconian (Volcano)
  22 fungi
  28 plants
51 creatures vanquished.

Grand Total: 360 creatures vanquished

Notes
Turn   | Place    | Note
-------+----------+-------------------------------------------
     0 | D:1      | McKennaii the Demigod Earth Elementalist began the quest
                  | for the Orb.
     0 | D:1      | Reached XP level 1. HP: 14/14 MP: 5/5
   355 | D:1      | Reached XP level 2. HP: 20/20 MP: 5/7
   898 | D:2      | Reached XP level 3. HP: 6/26 MP: 2/9
  1536 | D:2      | Noticed Sigmund
  1544 | D:2      | Killed Sigmund
  1545 | D:2      | Reached XP level 4. HP: 4/33 MP: 4/12
  1545 | D:2      | Reached XP level 5. HP: 5/38 MP: 4/13
  1881 | D:2      | Noticed Natasha
  1885 | D:2      | Killed Natasha
  2202 | D:2      | Noticed Natasha
  2204 | D:2      | Killed Natasha
  2346 | D:2      | Noticed Natasha
  2348 | D:2      | Killed Natasha
  2625 | D:3      | Reached XP level 6. HP: 43/45 MP: 12/15
  3259 | D:4      | Reached skill level 5 in Earth Magic
  3696 | D:4      | Noticed Ijyb
  3703 | D:4      | Killed Ijyb
  4125 | D:4      | Learned a level 3 spell: Stone Arrow
  4284 | D:5      | Entered Level 5 of the Dungeon
  4355 | D:5      | Reached skill level 1 in Conjurations
  4355 | D:5      | Reached XP level 7. HP: 50/50 MP: 9/17
  4545 | D:5      | Reached skill level 5 in Spellcasting
  5913 | D:6      | Found a staircase to the Ecumenical Temple.
  6244 | D:6      | Reached XP level 8. HP: 41/57 MP: 15/20
  8199 | D:7      | Reached skill level 5 in Conjurations
  8201 | D:7      | Reached XP level 9. HP: 55/62 MP: 20/23
  8208 | D:7      | Learned a level 4 spell: Airstrike
  8346 | D:8      | Reached skill level 1 in Air Magic
  8737 | D:8      | Reached skill level 2 in Air Magic
  8845 | D:8      | Noticed Grum
  8848 | D:8      | Reached skill level 3 in Air Magic
  8857 | D:8      | Killed Grum
  9209 | D:8      | Reached skill level 4 in Air Magic
  9611 | D:8      | Reached XP level 10. HP: 60/69 MP: 14/25
 10045 | D:9      | Noticed a two-headed ogre
 10076 | D:9      | Killed a two-headed ogre
 10077 | D:9      | Reached skill level 5 in Air Magic
 10168 | D:9      | Found a staircase to the Orcish Mines.
 10277 | D:9      | Reached skill level 6 in Air Magic
 11016 | D:9      | Reached skill level 7 in Air Magic
 11739 | D:10     | Entered Level 10 of the Dungeon
 12004 | D:10     | Found Iwkuteiq's Elemental Accessories.
 12018 | D:10     | Learned a level 5 spell: Lightning Bolt
 12086 | D:10     | Noticed a two-headed ogre
 12089 | D:10     | Killed a two-headed ogre
 12090 | D:10     | Reached XP level 11. HP: 74/74 MP: 17/28
 12628 | D:10     | Reached skill level 8 in Air Magic
 12663 | D:10     | HP: 2/74 [yak (4)]
 13833 | D:11     | Noticed a two-headed ogre
 13836 | D:11     | Killed a two-headed ogre
 13966 | D:11     | Reached skill level 9 in Air Magic
 14537 | D:11     | Found a staircase to the Lair.
 15516 | D:12     | Noticed a deep elf pyromancer
 15859 | D:12     | Noticed a deep elf zephyrmancer
 15861 | D:12     | Killed a deep elf zephyrmancer
 15862 | D:12     | Reached skill level 10 in Air Magic
 15970 | Lair:1   | Entered Level 1 of the Lair of Beasts
 16215 | Lair:1   | Noticed Urug
 16223 | Lair:1   | Killed Urug
 16378 | Lair:1   | Reached XP level 12. HP: 81/81 MP: 12/30
 17274 | Lair:2   | Noticed a six-headed hydra
 17620 | Lair:2   | Reached skill level 10 in Spellcasting
 17640 | Lair:2   | Reached skill level 11 in Air Magic
 17798 | Lair:2   | Found a staircase to the Swamp.
 18061 | Lair:2   | Killed a six-headed hydra
 18066 | Lair:2   | Noticed Nergalle
 18071 | Lair:2   | Killed Nergalle
 18677 | Lair:1   | Reached skill level 10 in Conjurations
 19487 | Lair:3   | Reached skill level 12 in Air Magic
 20075 | Lair:3   | Found a dark tunnel.
 20082 | Volcano  | Entered a volcano
 20270 | Volcano  | Noticed a red draconian
 20271 | Volcano  | Noticed a centaur warrior
 20319 | Volcano  | Reached XP level 13. HP: 45/86 MP: 9/32
 20335 | Volcano  | Killed a red draconian
 20336 | Volcano  | HP: 1/86 [yaktaur/bolt (21)]
 20336 | Volcano  | Shot with a bolt by a yaktaur

Illustrated notes

Levels and vault maps discovered:
D:1:      minmay_arrival_plants_in_alcoves, layout_loops_ring
D:2:      layout_loops_cross, st_stairs_3, uniq_natasha, uniq_sigmund
D:3:      layout_loops_ring, mainiacjoe_overflow_chevrons,
          shapermc_ecumenical_altar_pompeii, corexii_leaking_fountain,
          ebering_dispersal_statue_hall
D:4:      layout_gridville, feat_on_display, uniq_ijyb
D:5:      layout_layer_cave, nicolae_uskayaw_murder_on_the_dancefloor
D:6:      layout_loops_corners, mainiacjoe_overflow_cross_hatched,
          minmay_temple_entry_mini_moons, minmay_misc_feat_five
D:7:      layout_rooms, cheibrodos_worm_habitat, minmay_misc_feat_encased,
          chequers_serial_rivers_micro_d, grunt_livestock
D:8:      layout_gridville, uniq_grum
D:9:      layout_rooms, general_overflow_altar,
          kennysheep_orc_monster_closet_entryway, serial_rivers,
          chequers_serial_rivers_room_a, chequers_serial_rivers_small_a,
          chequers_serial_rivers_room_a, chequers_serial_rivers_small_a,
          chequers_serial_rivers_small_3
D:10:     layout_irregular_city, lemuel_crystal_altar, nicolae_elemental_shop,
          amethyst_killhole
D:11:     layout_irregular_city, minmay_lair_entry_grove
D:12:     layout_irregular_city, dilly_guarded_unrand_elemental_staff
Lair:1:   layout_regular_city, dpeg_stationary_puzzle, uniq_urug
Lair:2:   layout_gridlike, swamp_mist_pool, nicolae_lair_run_with_the_wolves,
          uniq_nergalle
Lair:3:   layout_layer_cave, dummy_spider_entry, nicolae_volcano_entry_s_turn,
          serial_bayou_shore_b, grunt_megastairs_3
Volcano:  kennysheep_volcano_temple

Skill      XL: |  1  2  3  4  5  6  7  8  9 10 11 12 |
---------------+-------------------------------------+-----
Spellcasting   | 2 3 4 5 6 7 8 9 10 | 10.7
Earth Magic    | 3 4 5 6 7 8 |  8.0
Conjurations   | 1 3 5 6 7 9 10 | 10.4
Air Magic      | 4 7 10 12 | 12.5
Dodging        | |  1.7
Stealth        | |  1.7
Transmutations | |  0.8

Action                   |  1- 3 |  4- 6 |  7- 9 | 10-12 | 13-15 || total
-------------------------+-------+-------+-------+-------+-------++-------
Melee: Dagger            |    28 |    12 |       |       |       ||    40
       Spear             |       |       |    19 |       |       ||    19
       Staff             |       |       |     2 |    14 |       ||    16
 Cast: Sandblast         |    49 |    59 |   112 |   157 |       ||   377
       Stone Arrow       |       |       |    12 |   123 |       ||   135
       Airstrike         |       |       |       |   105 |     2 ||   107
       Lightning Bolt    |       |       |       |    29 |       ||    29
Evoke: Wand              |       |       |       |     9 |       ||     9
  Use: Scroll            |       |    12 |     2 |    18 |     4 ||    36
       Potion            |       |       |       |     1 |     6 ||     7
 Stab: Sleeping          |       |     1 |       |       |       ||     1
Armor: Robe              |     7 |     5 |    14 |       |       ||    26
       Steam dragon scal |       |       |    10 |   132 |     6 ||   148
Dodge: Dodged            |    34 |    26 |    94 |   154 |     8 ||   316
